 Dungeon Sprint DCSS version 0.24-a0-244-ga6a6ab7 (webtiles) character file.

Game seed: 6993530456118477382

12544 MikeHunt the Martial Artist (level 11, 0/106 (107) HPs)
             Began as a White Draconian Ice Elementalist on Apr 11, 2019.
             Was the Champion of Makhleb.
             Slain by a death drake (1 damage)
             ... in the Dungeon (Sprint III: "The Ten Rune Challenge").
             The game lasted 00:34:37 (5690 turns).

MikeHunt the Martial Artist (DrIE)                  Turns: 5690, Time: 00:34:37

HP:   0/106 (107)   AC:  7    Str: 11    XL:     11   Next: 63%
MP:   4/24          EV: 17    Int: 18    God:    Makhleb [******]
Gold: 6892          SH:  0    Dex: 12    Spells: 7/28 levels left

rFire    + . .     SeeInvis .     - Unarmed
rCold    + . .     Gourm    .   (no shield)
rNeg     . . .     Faith    .   (armour unavailable)
rPois    .         Spirit   .   (helmet restricted)
rElec    .         Reflect  .   (no cloak)
rCorr    .         Harm     .   (no gloves)
MR       +....     NoTele   +   (no boots)
Stlth    ++........             (no amulet)
HPRegen  0.00/turn              (no ring)
MPRegen  0.19/turn              (no ring)

@: lethally poisoned (0 -> -31), slowed, very slow
A: breathe frost, unfitting armour, hooves 1, cold resistance 1, fire resistance
1, magic resistance 1, inhibited regeneration, wild magic 1, cold-blooded, AC +7
a: Breathe Frost, Minor Destruction, Lesser Servant of Makhleb, Major
Destruction, Greater Servant of Makhleb, Renounce Religion


You were in the Dungeon.
You worshipped Makhleb.
Makhleb was exalted by your worship.
You were hungry.

You visited 1 branch You collected 7077 gold pieces.
You spent 185 gold pieces at shops.

Inventory:

Hand Weapons
 m - a +0 dagger
 n - a +2 long sword of holy wrath
 r - a +0 blowgun
Missiles
 d - 5 javelins (quivered)
 i - 6 curare-tipped needles
Scrolls
 g - a scroll of holy word
 h - a scroll of blinking
 j - 4 scrolls of identify
 k - a scroll of remove curse
 p - a scroll of fog
 q - 2 scrolls of fear
Potions
 a - a potion of might
 e - 2 potions of haste
 f - 3 potions of magic
 l - 4 potions of mutation
Comestibles
 b - 13 rations
 o - a chunk of flesh {@w1}


   Skills:
 - Level 13.5 Fighting
 - Level 9.9 Dodging
 - Level 1.7 Stealth
 - Level 14.7 Unarmed Combat
 - Level 9.0 Spellcasting
 - Level 5.8 Conjurations
 + Level 7.3 Hexes
 - Level 2.8 Charms
 - Level 7.1 Summonings
 - Level 6.1 Translocations
 - Level 10.3 Ice Magic
 - Level 4.3 Invocations
   Level 4.1 Evocations


You had 7 spell levels left.
You knew the following spells:

 Your Spells              Type           Power        Failure   Level  Hunger
a - Throw Frost           Conj/Ice       #####.       1%          2    None
d - Throw Icicle          Conj/Ice       #####...     5%          4    ###....
e - Freeze                Ice            ####         1%          1    None
q - Blink                 Tloc           N/A          2%          2    None
t - Summon Ice Beast      Ice/Summ       ######..     4%          4    ###....
x - Ozocubu's Armour      Chrm/Ice       #####...     3%          3    None
y - Metabolic Englaciati  Hex/Ice        ######....   10%         5    #####..

Your spell library contained the following spells:

 Spells                   Type           Power        Failure   Level  Hunger
 Confusing Touch          Hex            #####.       1%          1    None
 Magic Dart               Conj           ####         1%          1    None
 Call Imp                 Summ           #####...     1%          2    None
 Slow                     Hex            #####...     1%          2    None
 Confuse                  Hex            #####...     2%          3    None
 Gell's Gravitas          Tloc           #####.....   3%          3    None
 Conjure Flame            Conj/Fire      ###.....     13%         3    None
 Mephitic Cloud           Conj/Pois/Air  ###.....     17%         3    None
 Yara's Violent Unravell  Hex/Tmut       ####......   56%         5    #####..
 Petrify                  Tmut/Erth      ##......     73%         4    ###....


Dungeon Overview and Level Annotations

Branches:
Dungeon (1/1)

Altars:
Cheibriados
Dithmenos
Elyvilon
Fedhas
Gozag
Hepliaklqana
Kikubaaqudgha
Makhleb
Nemelex Xobeh
Okawaru
Qazlal
Ru
Sif Muna
Trog
Uskayaw
Vehumet
Wu Jian
Xom
Yredelemnul
Zin
The Shining One
Beogh
Jiyva
Lugonu

Shops:
D ?


Innate Abilities, Weirdness & Mutations

You can breathe waves of freezing cold.
You can buffet flying creatures when you breathe cold.
Your icy white scales are hard. (AC +7)
You cannot fit into any form of body armour.
Your flesh is cold resistant. (rC+)
You are cold-blooded and may be slowed by cold attacks.
You have large cloven feet.
Your flesh is heat resistant. (rF+)
You are resistant to hostile enchantments. (MR+)
You do not regenerate when monsters are visible.
Your spells are a little harder to cast, but a little more powerful.


Message History

Confirm with . or Enter, or press ? or * to list all spells.
Aiming: Throw Icicle (safe; 5% risk of failure)
Press: ? - help, Shift-Dir - straight line, f/p - death drake
Aim: a death drake (foul pestilence, moderately wounded, catching its breath)
The shard of ice misses the death drake.
You are engulfed in dark miasma.
You are more poisoned.
You feel your flesh rotting away!
* * * LOW HITPOINT WARNING * * *
x2 You feel extremely sick.
The death drake bites you.
* * * LOW HITPOINT WARNING * * *
The death drake barely misses you.
You feel better.
You are engulfed in dark miasma.
You are lethally poisoned!
You feel your flesh rotting away!
You feel as though you will be slow longer.
* * * LOW HITPOINT WARNING * * *
x2 You feel very sick.
The death drake bites you.
You die...

♣♣♣♣♣♣#..♣♣ ♣♣♣##'###
###'♣♣♣♣♣♣♣♣♣♣♣♣♣♣♣**#...+. **
♣♣♣♣.##..##≈≈≈≈≈≈..#,,#...#. ,**
♣...##.##.#≈≈≈≈≈...#,,#...#. *+*
♣♣.##.##.##'÷≈≈≈☼####+#####. ,,*
♣..#.##..†#≈≈..☼..○§,*,,,.. *****
♣♣.##.##..#≈..+####***,,,.. ,,,,*
♣♣.##.#####...#,,,,,,*,,°§. ,,,,*
♣.....##.k@...#***,_,*,,.○.
+*****########+######*******+####
,,,,,,,,,,,,**,,,,,,,,,,,***,,,,,
≈≈,,,,,,,,≈≈**,,,,,,,,,,,,**,****
≈≈≈,,,,,,≈≈≈************,,**,*,,,
≈≈≈≈≈,,≈≈≈≈≈***,,,,,,,,,,,**,*,,,
≈≈≈≈≈≈≈≈≈≈≈≈**,,,,,,,,,,,***,*,,,
≈≈≈≈≈≈≈≈≈≈≈≈**,,********** *,*,,,
≈≈≈≈≈≈≈≈≈≈≈≈**,,,,,,,,,,,***,*,**


You could see a death drake.

Vanquished Creatures
  Sigmund (D)
  Erolcha (D)
  A hydra (D)
  Urug (D)
  A lindwurm (D)
  2 spiny frogs (D)
  A komodo dragon (D)
  A tyrant leech (D)
  5 blink frogs (D)
  A shadow (D)
  2 redbacks (D)
  3 wandering mushrooms (D)
  3 two-headed ogres (D)
  A water elemental (D)
  16 killer bees (D)
  An electric eel (D)
  A jelly (D)
  3 orc priests (D)
  An orc wizard (D)
  A human (D)
  A wolf (D)
  8 orcs (D)
  4 rats (D)
60 creatures vanquished.

Vanquished Creatures (collateral kills)
  A hydra (D)
  2 orc high priests (D)
  An orc knight (D)
  A deep elf mage (D)
  Edmund (D)
  A rime drake (D)
  A tyrant leech (D)
  3 redbacks (D)
  2 humans (D)
  A spatial vortex (D)
  A swamp drake (D)
  An orc warrior (D)
  A necrophage (D)
  2 two-headed ogres (D)
  13 killer bees (D)
  A wizard (D)
  A necromancer (D)
  A kobold demonologist (D)
  2 orcs (D)
37 creatures vanquished.

Vanquished Creatures (others)
  2 draconian scorchers (D)
  6 hellions (D)
  3 yaktaurs (D)
  A queen bee (D)
  2 killer bees (D)
  4 orc priests (D)
  8 plants (D)
26 creatures vanquished.

Grand Total: 123 creatures vanquished

Notes
Turn   | Place    | Note
-------+----------+-------------------------------------------
     0 | D        | MikeHunt the Draconian Ice Elementalist began the quest for
                  | the Orb.
     0 | D        | Reached XP level 1. HP: 14/14 MP: 3/3
    77 | D        | Killed a hellion
    89 | D        | Killed a hellion
    90 | D        | Killed a hellion
    92 | D        | Killed a hellion
    98 | D        | Killed a yaktaur
   105 | D        | Killed a hellion
   114 | D        | Killed a hellion
   142 | D        | Reached XP level 2. HP: 14/20 MP: 0/7
   156 | D        | Killed a white draconian scorcher
   201 | D        | Learned a level 2 spell: Throw Frost
   201 | D        | Killed a white draconian scorcher
   323 | D        | Reached skill level 5 in Ice Magic
   323 | D        | Reached XP level 3. HP: 26/26 MP: 6/9
   350 | D        | Gained mutation: Your spells are a little harder to cast,
                  | but a little more powerful. [potion of mutation]
   350 | D        | Gained mutation: Your flesh is heat resistant. (rF+)
                  | [potion of mutation]
   350 | D        | Gained mutation: You are resistant to hostile enchantments.
                  | (MR+) [potion of mutation]
   350 | D        | Gained mutation: You have large cloven feet. [potion of
                  | mutation]
   363 | D        | Noticed a water elemental
   369 | D        | Learned a level 3 spell: Ozocubu's Armour
   381 | D        | Killed a water elemental
   381 | D        | Reached skill level 5 in Spellcasting
   381 | D        | Reached XP level 4. HP: 3/33 MP: 5/11
   654 | D        | Learned a level 4 spell: Summon Ice Beast
   721 | D        | Found a basalt altar of Yredelemnul.
   721 | D        | Found a shadowy altar of Dithmenos.
   721 | D        | Found a sacrificial altar of Ru.
   721 | D        | Noticed a necrophage
   726 | D        | Killed a necrophage
   726 | D        | Reached XP level 5. HP: 12/37 MP: 1/13
   833 | D        | Learned a level 4 spell: Throw Icicle
   978 | D        | Found a hide-covered altar of Uskayaw.
   978 | D        | Found a roughly hewn altar of Beogh.
   978 | D        | Found an iron altar of Okawaru.
   978 | D        | Found a bloodstained altar of Trog.
   978 | D        | Found an ornate altar of the Wu Jian Council.
   978 | D        | Noticed a human
   980 | D        | Noticed a human
   990 | D        | Killed a human
   990 | D        | Reached XP level 6. HP: 45/45 MP: 2/15
   990 | D        | Killed a human
  1086 | D        | Found a glowing silver altar of Zin.
  1086 | D        | Found a glowing golden altar of the Shining One.
  1086 | D        | Found a white marble altar of Elyvilon.
  1087 | D        | Noticed a deep elf mage
  1093 | D        | Killed a deep elf mage
  1093 | D        | Reached skill level 5 in Conjurations
  1093 | D        | Your scales start taking on an icy white colour.
  1093 | D        | Reached skill level 10 in Ice Magic
  1093 | D        | Reached XP level 7. HP: 21/50 MP: 9/18
  1093 | D        | Gained mutation: Your flesh is cold resistant. (rC+) [White
                  | Draconian growth]
  1282 | D        | Found a radiant altar of Vehumet.
  1283 | D        | Found a deep blue altar of Sif Muna.
  1283 | D        | Found an ancient bone altar of Kikubaaqudgha.
  1290 | D        | Noticed a sixfirhy
  1291 | D        | Reached skill level 1 in Fighting
  1297 | D        | Reached skill level 1 in Evocations
  1518 | D        | Noticed a shadow
  1534 | D        | Killed a shadow
  1639 | D        | Learned a level 2 spell: Blink
  1646 | D        | Found a blossoming altar of Fedhas.
  1646 | D        | Found a stormy altar of Qazlal.
  1646 | D        | Found a snail-covered altar of Cheibriados.
  1646 | D        | Found a burning altar of Makhleb.
  1646 | D        | Found a shimmering altar of Xom.
  1648 | D        | Found a hazy altar of Hepliaklqana.
  1648 | D        | Found an opulent altar of Gozag.
  1648 | D        | Found a sparkling altar of Nemelex Xobeh.
  1648 | D        | Found a corrupted altar of Lugonu.
  1648 | D        | Found a viscous altar of Jiyva.
  1648 | D        | Noticed a spatial vortex
  1660 | D        | Killed a spatial vortex
  1663 | D        | Became a worshipper of Makhleb the Destroyer
  1698 | D        | Reached * piety under Makhleb
  1811 | D        | Noticed a two-headed ogre
  1831 | D        | Killed a two-headed ogre
  1831 | D        | Reached skill level 3 in Unarmed Combat
  1831 | D        | Reached XP level 8. HP: 19/67 MP: 2/20
  2060 | D        | Noticed an orc high priest
  2089 | D        | Gained mutation: You do not regenerate when monsters are
                  | visible. [a neqoxec]
  2089 | D        | Killed an orc high priest
  2089 | D        | Reached skill level 6 in Unarmed Combat
  2106 | D        | Reached ** piety under Makhleb
  2298 | D        | Killed a yaktaur
  2307 | D        | Noticed an orc high priest
  2313 | D        | Noticed a red devil
  2314 | D        | Killed an orc high priest
  2314 | D        | Reached skill level 8 in Unarmed Combat
  2417 | D        | Noticed an orc knight
  2456 | D        | Killed an orc knight
  2456 | D        | Reached skill level 5 in Fighting
  2456 | D        | Reached skill level 9 in Unarmed Combat
  2456 | D        | Reached XP level 9. HP: 33/75 MP: 3/21
  2579 | D        | Reached *** piety under Makhleb
  2644 | D        | Reached skill level 10 in Unarmed Combat
  2656 | D        | Reached **** piety under Makhleb
  2773 | D        | Found Kuxautec's Magic Scroll Shop.
  2799 | D        | Bought a scroll of magic mapping for 35 gold pieces
  2799 | D        | Bought a scroll of fog for 20 gold pieces
  2799 | D        | Bought a scroll of fear for 35 gold pieces
  2799 | D        | Bought a scroll of fear for 35 gold pieces
  2799 | D        | Bought a scroll of identify for 20 gold pieces
  2799 | D        | Bought a scroll of identify for 20 gold pieces
  2799 | D        | Bought a scroll of identify for 20 gold pieces
  2824 | D        | Noticed a two-headed ogre
  2824 | D        | Noticed Erolcha
  2834 | D        | Killed Erolcha
  2834 | D        | Reached skill level 5 in Dodging
  2866 | D        | Killed a two-headed ogre
  2866 | D        | Reached ***** piety under Makhleb
  2866 | D        | Reached skill level 11 in Unarmed Combat
  3114 | D        | Killed a yaktaur
  3254 | D        | Noticed a wandering mushroom
  3274 | D        | Noticed a wandering mushroom
  3412 | D        | Killed a wandering mushroom
  3534 | D        | Noticed a wandering mushroom
  3543 | D        | Killed a wandering mushroom
  3543 | D        | Reached XP level 10. HP: 91/91 MP: 6/22
  3635 | D        | Noticed Edmund
  3636 | D        | Noticed Sigmund
  3646 | D        | Killed Edmund
  3919 | D        | Killed Sigmund
  3919 | D        | Reached ****** piety under Makhleb
  3919 | D        | Reached skill level 13 in Unarmed Combat
  4040 | D        | Reached skill level 1 in Invocations
  4062 | D        | Reached XP level 11. HP: 88/104 MP: 4/23
  4619 | D        | Reached skill level 14 in Unarmed Combat
  4819 | D        | Learned a level 5 spell: Metabolic Englaciation
  4849 | D        | Reached skill level 1 in Hexes
  4868 | D        | Noticed a lindwurm
  4881 | D        | Killed a lindwurm
  5203 | D        | Noticed Urug
  5241 | D        | Reached skill level 5 in Hexes
  5257 | D        | Killed Urug
  5584 | D        | Noticed an eight-headed hydra
  5584 | D        | Noticed an eight-headed hydra
  5590 | D        | Killed an eight-headed hydra
  5594 | D        | Killed an eight-headed hydra
  5684 | D        | Noticed a death drake
  5690 | D        | HP: 5/106 [death drake] (10)]
  5690 | D        | HP: 1/106 [poisoned by a death drake (dark miasma)]
  5690 | D        | Slain by a death drake

Levels and vault maps discovered:
D:        dungeon_sprint_mu [sprint_mu_entry_forest, sprint_mu_temple_rooms,
          sprint_mu_d1_spiders, sprint_mu_d2_genie, sprint_mu_d3_branching,
          sprint_mu_orc_legion, sprint_mu_elf_gauntlet, sprint_mu_hive_nellie,
          sprint_mu_lair_fedhas, sprint_mu_vaults_butterflies,
          sprint_mu_slime_circle, sprint_mu_shoals_kraken,
          sprint_mu_snake_twists, sprint_mu_blade_basic, sprint_mu_crypt_lich,
          sprint_mu_tomb_spiral, sprint_mu_vestibule_basic,
          sprint_mu_gehenna_hellfire, sprint_mu_dis_giant,
          sprint_mu_tartarus_statrot, sprint_mu_cocytus_islands, sprint_mu_zot1]

Skill      XL: |  1  2  3  4  5  6  7  8  9 10 11 |
---------------+----------------------------------+-----
Spellcasting   | 4 5 6 7 8 9 |  9.0
Ice Magic      | 4 5 6 7 10 | 10.3
Charms         | 2 |  2.8
Summonings     | 6 7 |  7.1
Conjurations   | 2 5 |  5.8
Fighting       | 4 5 9 12 13 | 13.5
Dodging        | 4 7 9 |  9.9
Evocations     | 4 |  4.1
Unarmed Combat | 3 9 11 13 14 | 14.7
Translocations | 2 6 |  6.1
Invocations    | 2 4 |  4.3
Hexes          | 7 |  7.3
Stealth        | |  1.7

Action                   |  1- 3 |  4- 6 |  7- 9 | 10-12 || total
-------------------------+-------+-------+-------+-------++-------
Melee: Unarmed           |    19 |       |    24 |    93 ||   136
       Mace              |     4 |     3 |       |       ||     7
       Tailslap          |     2 |     2 |     3 |     4 ||    11
       Long sword        |       |       |     4 |       ||     4
       Kick              |       |       |     4 |    12 ||    16
       Punch             |       |       |       |     4 ||     4
 Cast: Freeze            |    10 |     6 |     3 |    23 ||    42
       Throw Frost       |       |     2 |    42 |    16 ||    60
       Summon Ice Beast  |       |     7 |    25 |    19 ||    51
       Throw Icicle      |       |       |    11 |    14 ||    25
       Blink             |       |       |     4 |       ||     4
       Ozocubu's Armour  |       |       |     2 |     8 ||    10
       Metabolic Englaci |       |       |       |     1 ||     1
 Abil: Breathe Frost     |       |       |     9 |    12 ||    21
Evoke: Wand              |       |       |     7 |     4 ||    11
  Use: Potion            |     3 |     1 |       |     2 ||     6
       Scroll            |       |     3 |     2 |       ||     5
 Stab: Sleeping          |     1 |       |     1 |       ||     2
  Eat: Chunk             |       |     2 |     8 |     4 ||    14
       Ration            |       |       |     2 |     2 ||     4
Armor: Skin              |    10 |     4 |     4 |    35 ||    53
Dodge: Dodged            |    17 |     2 |    26 |   116 ||   161
       Rpst.: Long sword |       |       |     3 |       ||     3

Table legend:
 A = Non-vault XP
 B = Vault XP
 C = Vault XP percentage of total XP
 D = Non-vault monster count
 E = Vault monster count
 F = Vault count percentage of total count
                 A         B        C        D         E       F
            +---------+---------+-------+---------+---------+-------
      Total |       0 |   17920 | 100.0 |       0 |      97 | 100.0
            +---------+---------+-------+---------+---------+-------
          D |       0 |   17920 | 100.0 |       0 |      97 | 100.0
            +---------+---------+-------+---------+---------+-------
